 Dungeon Crawl Stone Soup version 0.27.1-16-g815e20cd7a (webtiles) character file.

Game seed: 4706137400785548586

168 DenSaoPin the Chopper (level 5, 0/67 HPs)
             Began as a Hill Orc Monk on Nov 23, 2021.
             Slain by a scorpion (5 damage)
             ... on level 4 of the Dungeon.
             The game lasted 00:06:44 (2836 turns).

DenSaoPin the Chopper (Hill Orc Monk)               Turns: 2836, Time: 00:06:45

Health: 0/67       AC: 22    Str: 15      XL:     5   Next: 48%
Magic:  14/14      EV:  2    Int:  9 (10) God:
Gold:   151        SH:  0    Dex: 13      Spells: 4/4 levels left

rFire    . . .     SeeInvis .   a - +0 hand axe
rCold    . . .     Faith    .   (no shield)
rNeg     + + +     Spirit   .   (armour currently unavailable)
rPois    +         Reflect  .   (helmet currently unavailable)
rElec    .         Harm     .   (cloak currently unavailable)
rCorr    .         Rampage  .   (gloves currently unavailable)
Will     .....     NoTele   +   (boots currently unavailable)
Stlth    ++........             t - amulet of magic regeneration
HPRegen  0.21/turn              g - ring of magical power
MPRegen  0.39/turn              (no ring)

@: tree-form
A: stationary, stasis, torment immunity, boosted hp
a: no special abilities


You were on level 4 of the Dungeon.
You were a tree.
You visited 1 branch of the dungeon, and saw 4 of its levels.

You collected 151 gold pieces.

Inventory:

Hand Weapons
 a - a +0 hand axe (weapon)
 d - a +4 short sword
Armour
 b - a +0 robe
 l - a +0 ring mail (melded)
Jewellery
 g - a ring of magical power (left branch)
 t - an amulet of magic regeneration (around neck)
Scrolls
 e - 2 scrolls of fear {unknown}
 f - 2 scrolls of enchant weapon {unknown}
 i - a scroll of amnesia {unknown}
 j - 2 scrolls of immolation {unknown}
 m - 2 scrolls of identify {unknown}
 o - 2 scrolls of noise {unknown}
 q - a scroll of fog {unknown}
 s - a scroll of silence {unknown}
Potions
 n - a potion of ambrosia
 p - a potion of lignification
 r - 2 potions of haste {unknown}


   Skills:
 - Level 3.6 Fighting
 - Level 0.8 Short Blades
 + Level 6.0 Axes
 + Level 3.7 Armour
 - Level 2.4 Dodging
 - Level 1.5 Stealth


You had 4 spell levels left.
You didn't know any spells.
Your spell library contained the following spells:

 Spells                   Type           Power      Damage    Failure   Level
 Beastly Appendage        Tmut           0%         N/A       38%         1
 Wereblood                Tmut           0%         N/A       52%         2
 Spider Form              Tmut/Pois      0%         N/A       77%         3


Dungeon Overview and Level Annotations

Branches:
Dungeon (4/15)             Temple (0/1) D:4

Altars:
Xom

Portals:
Ossuary: D:4


Message History

* * * LOW HITPOINT WARNING * * *
You closely miss the scorpion.
The scorpion is moderately wounded.
The scorpion barely misses you. The scorpion stings you.
* * * LOW HITPOINT WARNING * * *
You hit the scorpion.
The scorpion is heavily wounded.
The scorpion stings you but does no damage.
You closely miss the scorpion.
The scorpion is heavily wounded.
The scorpion stings you but does no damage.
You barely miss the scorpion.
The scorpion is heavily wounded.
The scorpion stings you but does no damage.
You closely miss the scorpion.
The scorpion is heavily wounded.
The scorpion completely misses you.
You closely miss the scorpion.
The scorpion is heavily wounded.
The scorpion stings you.
* * * LOW HITPOINT WARNING * * *
The scorpion stings you but does no damage.
You closely miss the scorpion.
The scorpion is heavily wounded.
The scorpion stings you but does no damage.
You hit the scorpion but do no damage.
The scorpion is heavily wounded.
The scorpion stings you.
* * * LOW HITPOINT WARNING * * *
You hit the scorpion but do no damage.
The scorpion is heavily wounded.
The scorpion stings you.
* * * LOW HITPOINT WARNING * * *
You closely miss the scorpion.
The scorpion is heavily wounded.
The scorpion stings you but does no damage.
You hit the scorpion.
The scorpion is severely wounded.
The scorpion stings you.
You die...

........######.........8.....
..##...##.#.#.....#..........
## ##............##..8.∩.8##
#.......#.....##.......#
####..........[.(###..8..##
..##.<#...#..##.......##..#
.....##..###.###..#...(.#.##
.........#.#.##.s.#........#
.....##......##.♣......##...#
...###........##...##### ...
...##........####..#### #.
...###.......# ##...#.#
##...........###......# ..
#.........##.#........##..
..........##.....#....#...
...........##....#..#.....
..........###.......#..###


You could see a scorpion.

Vanquished Creatures
  A phantom (D:4)
  A howler monkey skeleton (D:3)
  3 adders
  An adder skeleton (D:4)
  4 dart slugs
  4 ball pythons
  5 bats
  5 endoplasms
  A giant cockroach (D:1)
  3 goblins
  3 hobgoblins
  3 quokkas
  3 frilled lizards
  9 kobolds
  4 rats
50 creatures vanquished.

Notes
Turn   | Place    | Note
-------+----------+-------------------------------------------
     0 | D:1      | DenSaoPin the Hill Orc Monk began the quest for the Orb.
     0 | D:1      | Reached XP level 1. HP: 19/19 MP: 1/1
   208 | D:1      | Found a faded altar of an unknown god.
   247 | D:1      | Reached skill level 1 in Armour
   373 | D:1      | Reached XP level 2. HP: 25/26 MP: 2/2
  1158 | D:2      | Reached XP level 3. HP: 31/31 MP: 3/3
  1180 | D:2      | Found a shimmering altar of Xom.
  1916 | D:3      | Reached skill level 5 in Axes
  1925 | D:3      | Reached XP level 4. HP: 33/39 MP: 4/4
  2365 | D:3      | Noticed an ogre
  2495 | D:4      | Found a sand-covered staircase.
  2620 | D:4      | Found a staircase to the Ecumenical Temple.
  2625 | D:4      | Noticed a phantom
  2639 | D:4      | HP: 1/39 [phantom (7)]
  2666 | D:4      | Killed a phantom
  2667 | D:4      | Reached skill level 6 in Axes
  2667 | D:4      | Reached XP level 5. HP: 29/45 MP: 5/5
  2836 | D:4      | Slain by a scorpion

Illustrated notes

Levels and vault maps discovered:
D:1:      dpeg_arrival_connections, layout_basic,
          ebering_ecumenical_altar_sacrificial
D:2:      layout_rooms, basic_altar
D:3:      layout_basic
D:4:      layout_cave_pools, minmay_temple_entry_stoned_glass,
          nicolae_ossuary_entry_monument, item_on_display_a

Skill      XL: |  1  2  3  4 |
---------------+-------------+-----
Armour         | 1 2 3 |  3.7
Axes           | 5 6 |  6.0
Fighting       | |  3.6
Short Blades   | |  0.8
Dodging        | |  2.4
Stealth        | |  1.5

Action                   |  1- 3 |  4- 6 || total
-------------------------+-------+-------++-------
Melee: Short sword       |    20 |       ||    20
       Hand axe          |    92 |   108 ||   200
  Use: Potion            |       |    10 ||    10
 Stab: Sleeping          |     2 |       ||     2
Armor: Robe              |     7 |       ||     7
       Ring mail         |    18 |    25 ||    43
       Skin              |       |    14 ||    14
Dodge: Dodged            |    77 |    52 ||   129
